[Event "Early-Titled-Tuesday-Blitz-February-13-2024"]
[Site "Chess.com"]
[Date "2024.02.13"]
[Round "6"]
[White "WilsonPalencia21"]
[Black "BallottiLuca"]
[Result "1/2-1/2"]
[WhiteElo "2585"]
[BlackElo "2384"]
[TimeControl "180+1"]
[EndTime "9:11:03 PST"]
[Termination "Game drawn by repetition"]

1. d4 Nf6 2. c4 g6 3. Nf3 Bg7 4. Nc3 O-O 5. e4 d6 6. Be2 e5 7. O-O Nc6 8. d5 Ne7 9. Ne1 Nd7 10. Nd3 f5 11. Bd2 Nf6 12. f3 f4 13. c5 g5 14. cxd6 cxd6 15. Nf2 Ng6 16. Rc1 Rf7 17. Qb3 h5 18. h3 Bf8 19. Nb5 Rg7 20. Rc2 g4 21.
hxg4 hxg4 22. fxg4 Nh4 23. Be1 Nh5 24. Nh1 Bxg4 25. Bxg4 Rxg4 26. Qh3 Rg7 27. Qxh4 Qb6+ 28. Bf2 Qxb5 29. Qxh5 Qd3 30. Rc3 Qxe4 31. Qf3 Qg6 32. Qh3 Re8 33. Rc8 Rxc8 34. Ng3 fxg3 35. Qxc8 gxf2+ 36. Rxf2 Rf7 37. Rc2 Kg7 38. Rc7 Rxc7 39. Qxc7+ Qf7 40.
Qc4 a6 41. a4 Be7 42. g3 Bg5 43. Kg2 Kh6 44. Qe4 Qg6 45. Qf3 Qc2+ 46. Kh3 Qxb2 47.
Qf8+ Kg6 48. Qg8+ Kh6 49. Qf8+ Kg6 50. Qh8 Qc3 51. Qg8+ Kh6 52. Qh8+ Kg6 53. Qg8+ Kh6 54. Qh8+ Kg6 1/2-1/2

[Event "Early-Titled-Tuesday-Blitz-February-13-2024"]
[Site "Chess.com"]
[Date "2024.02.13"]
[Round "6"]
[White "Chandradi"]
[Black "ChristianArca"]
[Result "0-1"]
[WhiteElo "2513"]
[BlackElo "2724"]
[TimeControl "180+1"]
[EndTime "9:11:04 PST"]
[Termination "ChristianArca won on time"]

1. c4 Nf6 2. g3 c5 3. Bg2 Nc6 4. Nf3 d5 5. cxd5 Nxd5 6. Nc3 Nc7 7.
a3 Rb8 8. b4 e5 9. b5 Nd4 10. Nxe5 Be6 11. Rb1 a6 12. bxa6 bxa6 13. Qa4+ Ke7 14. Rxb8 Qxb8 15. O-O Kf6 16. Nd7+ Bxd7 17.
Qxd7 Nce6 18. Ne4+ Kg6 19. d3 Nxe2+ 20. Kh1 Nxc1 21. Rxc1 Qd8 22. Qc6 Qd4 23. Qxa6 Be7 24. Qc4 Rd8 25. Qxd4 Rxd4 26. Rc3 f5 27. Nd2 Bd8 28. Nb3 Ra4 29. Nxc5 Nxc5 30. Rxc5 Rxa3 31. Bf1 Bb6 32. Rc2 Kg5 33. Kg2 g6 34. h4+ Kh6 35.
Be2 Bd4 36. Rc4 Ba7 37. h5 g5 38. Rc6+ Kg7 39. h6+ Kf7 40. Rc7+ Kg6 41. Rc6+ Kf7 42.
Bf3 g4 43. Bd5+ Ke7 44. Re6+ Kd7 45. Re2 Ra5 46. Bg8 Ra6 47. Bxh7 Rxh6 48. Bxf5+ Kd6 49.
Bxg4 Bd4 50. Bf3 Rf6 51. Be4 Kc5 52. f4 Rb6 53. Kf3 Rb1 54. g4 Rf1+ 55. Kg3 Rg1+ 56. Rg2 Rf1 57. g5 Be3 58. Bf3 Kd4 59. g6 Rh1 60.
Be4 Rb1 61. g7 Rb8 62. f5 Ke5 63. Kf3 Bh6 64. Rg6 Bd2 65. Re6+ Kd4 66. f6 Rb1 0-1

[Event "Early-Titled-Tuesday-Blitz-February-13-2024"]
[Site "Chess.com"]
[Date "2024.02.13"]
[Round "6"]
[White "yosephtaher"]
[Black "SpeedofLight0"]
[Result "0-1"]
[WhiteElo "2922"]
[BlackElo "3070"]
[TimeControl "180+1"]
[EndTime "9:11:05 PST"]
[Termination "SpeedofLight0 won by checkmate"]

1. Nf3 d5 2. g3 c6 3. Bg2 Bg4 4. O-O Nd7 5. d3 Ngf6 6. Nbd2 e5 7. e4 Be7 8. h3 Bh5 9. Qe2 O-O 10. exd5 Nxd5 11.
Nc4 f6 12. Ne3 Re8 13. c4 Nc7 14. Rd1 Ne6 15. g4 Nf4 16. Qf1 Bg6 17. Nh4 Nxg2 18. Qxg2 Bf7 19. b3 Nc5 20. Nhf5 Ne6 21. Nxe7+ Qxe7 22. Nf5 Qc7 23. Be3 Bg6 24. d4 Bxf5 25. gxf5 Nxd4 26. Bxd4 exd4 27. Rxd4 Rad8 28. Qg4 Rxd4 29. Qxd4 Qe5 30. Qxe5 Rxe5 31. Rd1 Kf7 32. Rd7+ Re7 33. Rd8 Re8 34. Rd7+ Re7 35. Rd8 g6 36. fxg6+ hxg6 37. Kg2 Ke6 38. Kf3 Kf5 39. c5 g5 40. b4 Re4 41. a3 a5 42. b5 cxb5 43. Rd7 Rc4 44. Rxb7 Rxc5 45. Rb6 Rc3+ 46. Kg2 Rb3 47. f3 Ke5 48.
Kg3 Rb1 49. a4 b4 50. Rb5+ Kd4 51. Rxa5 b3 52. Rb5 b2 53. Kg4 Rg1+ 54. Kf5 b1=Q+ 55. Rxb1 Rxb1 56. Kxf6 Ra1 57. Kxg5 Ke5 58. h4 Ke6 59.
Kg6 Rxa4 60. h5 Ra1 61. h6 Rg1+ 62. Kh7 Kf7 63. f4 Rg6 64. f5 Rf6 65. Kh8 Rxh6# 0-1

[Event "Early-Titled-Tuesday-Blitz-February-13-2024"]
[Site "Chess.com"]
[Date "2024.02.13"]
[Round "6"]
[White "Adar_07"]
[Black "TRadjabov"]
[Result "1-0"]
[WhiteElo "2816"]
[BlackElo "3023"]
[TimeControl "180+1"]
[EndTime "9:11:05 PST"]
[Termination "Adar_07 won by resignation"]

1. e4 e5 2. Nf3 Nc6 3. Bb5 Nf6 4. O-O Nxe4 5. Re1 Nd6 6. Nxe5 Be7 7. Bf1 Nxe5 8. Rxe5 O-O 9. d4 Bf6 10. Re1 Nf5 11.
c3 d6 12. Nd2 Bg5 13. Ne4 Bxc1 14. Qxc1 Bd7 15. Bd3 Re8 16. Qf4 Qh4 17. Qxh4 Nxh4 18. Ng3 Ng6 19. Bf5 Bc6 20. Be4 Nf4 21. f3 g6 22.
Bxc6 bxc6 23. Ne4 Kg7 24. Rad1 a5 25. g3 Nd5 26. Kf2 a4 27. c4 Ne7 28. Re2 Reb8 29.
c5 d5 30. Nc3 Kf8 31. g4 Ng8 32.
a3 Nf6 33. Na2 Ne8 34. Nb4 Rxb4 35. axb4 Ng7 36. Ra1 Ne6 37. Rd2 Kg7 38. b3 a3 39.
Ke3 Rb8 40. Rxa3 Rxb4 41. Rd3 g5 42. Ra4 Rb8 43. Kd2 h5 44. Ra6 Nd8 45. Ra7 Ne6 46.
Ra6 Nd8 47. Re3 Kf8 48. gxh5 Ne6 49. Kc3 Nd8 50. h6 f6 51. Ra7 Rc8 52. h7 Nf7 53. Re6 Kg7 54. Rxc6 Kxh7 55. Rcxc7 Rxc7 56. Rxc7 1-0

[Event "Early-Titled-Tuesday-Blitz-February-13-2024"]
[Site "Chess.com"]
[Date "2024.02.13"]
[Round "6"]
[White "MatthewG-p4p"]
[Black "Storne89"]
[Result "1/2-1/2"]
[WhiteElo "2816"]
[BlackElo "2586"]
[TimeControl "180+1"]
[EndTime "9:11:05 PST"]
[Termination "Game drawn - insufficient material"]

1. e4 c5 2. c3 e6 3. d4 d5 4.
e5 Bd7 5. Nf3 a6 6. Be2 cxd4 7. cxd4 Bb5 8. Nc3 Bxe2 9. Nxe2 Nc6 10. a3 Nge7 11. Nf4 Ng6 12. Nh5 Nh4 13. Nxh4 Qxh4 14.
Nf4 g5 15. g3 Qh6 16. Nh5 Be7 17.
h4 Qg6 18. hxg5 Qe4+ 19. Kd2 Qxd4+ 20. Ke2 Qe4+ 21. Be3 d4 22. Rh4 Qxe5 23. Rxd4 Nxd4+ 24. Qxd4 Qxd4 25. Bxd4 Rg8 26. f4 O-O-O 27. Be5 Bd6 28.
Rc1+ Kb8 29. Bc3 Be7 30. g4 Rc8 31. Rh1 Bd6 32. Kf3 Rc4 33. Rd1 Rd8 34. Be5 Kc7 35.
Rxd6 Rxd6 36. Nf6 Kc6 37. Bxd6 Kxd6 38. Nxh7 Rc2 39. f5 Ke7 40. g6 fxg6 41. fxg6 Rxb2 42.
Kf4 Rh2 43. Kg5 b5 44. Nf6 Rh8 45. g7 Rb8 46. g8=Q Rxg8+ 47. Nxg8+ Kd6 48. Kf4 a5 49.
Nf6 b4 50. axb4 axb4 51. Ne4+ Kd5 52. Nd2 e5+ 53. Ke3 Ke6 54. Ke4 Kf6 55. Nb3 Kg5 56. Kf3 e4+ 57. Kxe4 Kxg4 58. Kd4 Kf4 59. Kc4 Kg4 60.
Kxb4 1/2-1/2

[Event "Early-Titled-Tuesday-Blitz-February-13-2024"]
[Site "Chess.com"]
[Date "2024.02.13"]
[Round "6"]
[White "AlexandraSamaganova"]
[Black "ValiantCeleb"]
[Result "0-1"]
[WhiteElo "2309"]
[BlackElo "2193"]
[TimeControl "180+1"]
[EndTime "9:11:07 PST"]
[Termination "ValiantCeleb won on time"]

1. c4 e6 2. Nc3 d5 3. e3 Nf6 4. Nf3 Be7 5. d4 O-O 6. Bd3 dxc4 7. Bxc4 c5 8. O-O Nbd7 9. a3 a6 10. dxc5 Bxc5 11. b4 Ba7 12. Bb2 b5 13. Be2 Bb7 14.
Qb3 Qe7 15. Rfd1 Rac8 16. Rac1 Nb6 17. Nd4 Nc4 18. Bxc4 Rxc4 19. Nce2 Rfc8 20. h3 h6 21. Rxc4 Rxc4 22. Rc1 Bd5 23. Qd1 Qc7 24. Nc3 Bxd4 25.
exd4 Qc6 26. Nxd5 Nxd5 27. Qd2 Rxc1+ 28. Bxc1 Qc3 29. Qd1 Nb6 30. Qd2 Qxd2 31. Bxd2 Nc4 32. Bc1 Kf8 33. Kf1 Ke7 34. Ke2 Kd6 35. Kd3 Kd5 36.
f3 Nd6 37. g4 f5 38. Bf4 Nc4 39. Bc1 g5 40. f4 fxg4 41. hxg4 gxf4 42. Bxf4 e5 43.
Bxh6 e4+ 44. Ke2 Kxd4 45. Bg7+ Kd5 46. g5 Ke6 47. Bc3 Kf5 48. Bf6 Nxa3 49. Ke3 Nc2+ 50. Kd2 Nxb4 51. Ke3 Nd5+ 52. Kd4 Nxf6 53. gxf6 Kxf6 54.
Kxe4 Ke6 0-1

[Event "Early-Titled-Tuesday-Blitz-February-13-2024"]
[Site "Chess.com"]
[Date "2024.02.13"]
[Round "6"]
[White "Let_it_be_1"]
[Black "nj123456"]
[Result "1-0"]
[WhiteElo "2563"]
[BlackElo "2244"]
[TimeControl "180+1"]
[EndTime "9:11:09 PST"]
[Termination "Let_it_be_1 won by resignation"]

1. e4 c6 2. d4 d5 3. Nd2 dxe4 4.
Nxe4 Nf6 5. Nxf6+ exf6 6. c3 Bd6 7. Bd3 O-O 8. Ne2 Re8 9. Qc2 h5 10. Be3 Qc7 11. O-O-O Nd7 12. c4 Nf8 13. Nc3 Be6 14. g3 Rad8 15. c5 Be7 16. Kb1 b5 17. Ne4 Bd5 18. b3 f5 19. Nd6 Bxd6 20. cxd6 Qxd6 21.
Bf4 Qe7 22. Rhf1 g6 23. Qc3 a5 24. Rfe1 Qa7 25. Re5 a4 26. b4 Ne6 27. Rde1 a3 28.
Bc1 Ra8 29. Bxb5 Rec8 30. Bc4 Qxd4 31. Qxd4 Nxd4 32. Bxd5 cxd5 33. Rxd5 Nc2 34. Re7 Nxb4 35. Rdd7 Nd3 36. Be3 Rab8+ 37. Ka1 Nb4 38. Rb7 Nc2+ 39. Kb1 Rxb7+ 40. Rxb7 Nxe3 41. fxe3 Rc3 42. Rb3 Rxb3+ 43. axb3 Kf8 44. Ka2 g5 45. Kxa3 h4 46. Kb4 f4 47.
exf4 gxf4 48. gxf4 Ke7 49. Kc5 Kf6 50. b4 Kf5 51. b5 Kxf4 52. b6 Kf3 53. b7 Kg2 54.
b8=Q h3 55. Qg3+ Kh1 56. Qxh3 f5 57. Qxf5 1-0

[Event "Early-Titled-Tuesday-Blitz-February-13-2024"]
[Site "Chess.com"]
[Date "2024.02.13"]
[Round "6"]
[White "KarolKacprzak"]
[Black "FGHSMN"]
[Result "0-1"]
[WhiteElo "2731"]
[BlackElo "2977"]
[TimeControl "180+1"]
[EndTime "9:11:10 PST"]
[Termination "FGHSMN won by resignation"]

1. e4 e5 2. Nf3 Nc6 3. Bb5 a6 4. Ba4 f5 5. d4 fxe4 6. Nxe5 Nf6 7. c3 Bd6 8. f4 exf3 9. Nxf3 Qe7+ 10. Qe2 O-O 11.
Qxe7 Bxe7 12. O-O d6 13. Re1 Re8 14. Bb3+ d5 15. Bg5 Rd8 16. Nbd2 Bf5 17. Ne5 Na5 18. Ng6 hxg6 19. Rxe7 Nxb3 20. axb3 Rd7 21. Rae1 Kf8 22. Rxd7 Bxd7 23. Bf4 c6 24. Nf3 Ne4 25.
Ng5 Bf5 26. g4 Bxg4 27. Nxe4 dxe4 28. Rxe4 Kf7 29. Bd6 Be6 30. Rf4+ Kg8 31. b4 a5 32. bxa5 Rxa5 33. Rf8+ Kh7 34. Rb8 b5 35. Ba3 Ra7 36.
Re8 Bd5 37. Re7 Ra8 38. Bd6 Ra1+ 39. Kf2 Ra2 40. Re2 Bc4 41. Rd2 g5 42. Kg3 Ra1 43.
Be5 Kg6 44. Rf2 Re1 45. Rf8 Bd5 46. Rd8 Re2 47. Rd7 Kh5 48. Rxd5 cxd5 49. Bxg7 Rxb2 50. Bf8 Kg6 51. Bb4 Kf5 52. h3 Rd2 53. Kf3 Rd3+ 54. Kg2 Ke4 55. Ba5 Re3 56. Bb4 Kd3 57. Ba5 Kc4 58.
Bb4 Rxc3 59. Bxc3 Kxc3 0-1

[Event "Early-Titled-Tuesday-Blitz-February-13-2024"]
[Site "Chess.com"]
[Date "2024.02.13"]
[Round "6"]
[White "Bugcrusher"]
[Black "ProfessorChess101"]
[Result "0-1"]
[WhiteElo "2448"]
[BlackElo "2787"]
[TimeControl "180+1"]
[EndTime "9:11:16 PST"]
[Termination "ProfessorChess101 won by checkmate"]

1. d4 Nf6 2. c4 e6 3. Nf3 a6 4. Nc3 d5 5. c5 Nc6 6. Bf4 b6 7. cxb6 cxb6 8. e3 Bd6 9. Bd3 Bxf4 10.
exf4 O-O 11. O-O a5 12. a3 Ba6 13. Rc1 Bxd3 14. Qxd3 Ne7 15. Ne5 Nf5 16. Nb5 Rc8 17.
f3 Qe7 18. Nc6 Qb7 19. Ne5 Qa6 20. a4 Rxc1 21. Rxc1 Rc8 22. Qd2 h5 23. Rc3 Ne7 24. Nd6 Rd8 25. Ndxf7 Rc8 26. Ng5 Rxc3 27. Qxc3 Qe2 28.
Nxe6 h4 29. Ng5 Nh5 30. Nd3 Qe3+ 31. Kf1 Nxf4 32. Nxf4 Qxf4 33. Nh3 Qf5 34. Qc7 Qb1+ 35. Kf2 Qxb2+ 36. Kg1 Qxd4+ 37. Kf1 Qc4+ 38. Qxc4 dxc4 39. Ke2 Nd5 40. Kd2 Kf7 41. Ng5+ Ke7 42. Ne4 Kd7 43. g3 hxg3 44. hxg3 Kc6 45. f4 Ne7 46. g4 Kd5 47.
Nc3+ Kd4 48. f5 Nd5 49. Nxd5 Kxd5 50. Kc3 Ke5 51. Kxc4 Kf4 52. Kb5 Kxg4 53. Kxb6 Kxf5 54. Kxa5 g5 55. Kb5 Ke6 56. Kc6 g4 57. a5 g3 58. a6 g2 59. a7 g1=Q 60. Kb7 Qb1+ 61. Kc8 Qc2+ 62. Kb8 Qb3+ 63. Kc8 Qc4+ 64. Kb8 Qb5+ 65.
Kc8 Qc6+ 66. Kb8 Kd7 67. a8=N Qb5+ 68. Ka7 Kc6 69. Nc7 Qb7# 0-1

[Event "Early-Titled-Tuesday-Blitz-February-13-2024"]
[Site "Chess.com"]
[Date "2024.02.13"]
[Round "6"]
[White "valorant64"]
[Black "Beca95"]
[Result "1/2-1/2"]
[WhiteElo "2618"]
[BlackElo "2914"]
[TimeControl "180+1"]
[EndTime "9:11:17 PST"]
[Termination "Game drawn - insufficient material"]

1. e4 c5 2. Nf3 Nc6 3. Bb5 e6 4. O-O Nge7 5. Re1 a6 6. Bf1 d5 7.
exd5 Qxd5 8. Nc3 Qd8 9. a4 Nf5 10. d3 Be7 11. Ne4 b6 12. Bg5 Bb7 13. Bxe7 Qxe7 14.
c3 Rd8 15. Qc2 O-O 16. Rad1 Nh4 17. Nxh4 Qxh4 18. Qb3 Ba8 19. Qxb6 Rb8 20. Qxc5 Rxb2 21. Re2 Rfb8 22. Qa3 Rxe2 23. Bxe2 h6 24. h3 f5 25. Ng3 f4 26. Ne4 Kh7 27. Bg4 Rd8 28. Qc5 Rd5 29. Qf8 Rd8 30. Qxf4 Qe7 31. d4 Kh8 32. Nc5 e5 33.
Qe3 a5 34. Bf3 exd4 35. Qxe7 Nxe7 36. Bxa8 Rxa8 37. Rxd4 Rc8 38. Ne4 Rb8 39. Rd7 Ng6 40. Rd5 Rb1+ 41. Kh2 Re1 42. Ng3 Rc1 43. Ne4 Re1 44.
f3 Nf4 45. Rxa5 Re2 46. Kg3 g5 47. Kg4 Rxg2+ 48. Kf5 Rb2 49. Ra6 Kg7 50. Ra7+ Kf8 51. Rh7 Rb6 52. Nf6 Rc6 53. Rxh6 Rc5+ 54. Kg4 Kg7 55. Ne4 Ra5 56. Rb6 Rxa4 57. Rb4 Ra7 58. Nxg5 Nd5 59. Rd4 Nxc3 60. h4 Nb5 61. Rd5 Nc3 62. Re5 Rd7 63. f4 Nd5 64. h5 Nf6+ 65. Kh4 Rd1 66. Re7+ Kg8 67. Ne4 Rh1+ 68. Kg5 Nxh5 69. f5 Kf8 70. f6 Nxf6 71. Kxf6 Rh6+ 72. Kg5 Kxe7 73. Kxh6 1/2-1/2

[Event "Early-Titled-Tuesday-Blitz-February-13-2024"]
[Site "Chess.com"]
[Date "2024.02.13"]
[Round "6"]
[White "ploxoi"]
[Black "TimGrutter03"]
[Result "0-1"]
[WhiteElo "2444"]
[BlackElo "2643"]
[TimeControl "180+1"]
[EndTime "9:11:17 PST"]
[Termination "TimGrutter03 won by resignation"]

1. d4 Nf6 2. c4 e6 3. g3 Bb4+ 4. Bd2 c5 5. Bg2 O-O 6. Nf3 d6 7. O-O Nc6 8. a3 Bxd2 9. Qxd2 Qb6 10. Rd1 Na5 11. Qc2 Nb3 12. Ra2 cxd4 13. Rd3 Nc5 14. Rxd4 e5 15. Rd1 a5 16. Nc3 g6 17. Nd2 Bf5 18.
Nde4 Ng4 19. Nd5 Qa7 20. e3 Bxe4 21. Bxe4 f5 22. Ne7+ Kh8 23. Bf3 Rae8 24. Nd5 e4 25. Be2 Ne5 26. b4 Ncd3 27. Bxd3 exd3 28. Qc3 axb4 29. Nxb4 d2 30. Raxd2 Kg8 31. Rxd6 Qc5 32. R1d5 Qxc4 33. Qxc4 Nxc4 34. Rd7 Nxa3 35. Rxb7 Rf7 36. Rdd7 Rxd7 37. Rxd7 Nc4 38. Nd5 Re6 39. Rc7 Ne5 40.
h4 Nf3+ 41. Kg2 Ne1+ 42. Kf1 Nf3 43. Ra7 Ne5 44. Kg2 Ng4 45. h5 g5 46. Rb7 Re5 47.
Ne7+ Kf8 48. Nc6 Re6 49. Nd4 Rh6 50. Rxh7 Rxh7 51. Nxf5 Rxh5 52. Kf3 Nh2+ 53. Kg2 Ng4 54. Kf3 Ne5+ 55. Ke4 Nf7 56. g4 Rh2 57. f3 Ke8 58.
Ng7+ Ke7 59. Nf5+ Kf6 60. Kd3 Ra2 61. Ng3 Ne5+ 62. Ke4 Ra4+ 0-1

[Event "Early-Titled-Tuesday-Blitz-February-13-2024"]
[Site "Chess.com"]
[Date "2024.02.13"]
[Round "6"]
[White "Hui_Li_Macau"]
[Black "soloderisas"]
[Result "1/2-1/2"]
[WhiteElo "2365"]
[BlackElo "2525"]
[TimeControl "180+1"]
[EndTime "9:11:17 PST"]
[Termination "Game drawn by agreement"]

1. e4 e5 2. Nf3 Nc6 3. Bb5 a6 4. Ba4 Nf6 5. O-O b5 6. Bb3 Bc5 7. a4 Rb8 8. axb5 axb5 9. c3 d6 10.
d4 Bb6 11. Na3 b4 12. Nc4 O-O 13. Nxb6 Rxb6 14. Be3 bxc3 15. bxc3 Nxe4 16. d5 Nxc3 17. Qc2 Nd4 18. Nxd4 exd4 19. Bxd4 Rxb3 20. Bxc3 Rb5 21.
Ra5 Bd7 22. Rxb5 Bxb5 23. Rb1 Qd7 24. Qb2 Bd3 25. Rd1 Be4 26. Bxg7 Qg4 27. f3 Qxg7 28. Qxg7+ Kxg7 29. fxe4 Re8 30. Re1 Kf6 31. Kf2 Ke5 32. Rc1 Re7 33. Ke3 f5 34. exf5 Kxf5+ 35. Kd4 Re4+ 36.
Kd3 Re7 37. Kd4 Rg7 38. Rc2 Rg4+ 39. Kd3 h5 40. g3 Ke5 41. Rxc7 h4 42. Rh7 hxg3 43.
hxg3 Rxg3+ 44. Kc4 Rg4+ 45. Kd3 Kxd5 46. Rh5+ Kc6 47.
Kc3 Rf4 48. Kd3 Ra4 49. Kc3 Kd7 50. Kd3 Ke6 51. Rh6+ Kd5 52. Rh5+ Kc6 53. Kc3 Re4 54. Kd3 d5 55. Rh8 Rg4 56. Kc3 Kc5 57. Rc8+ Kd6 58.
Kd3 Rg3+ 59. Kd4 Rg4+ 60. Kd3 Ke5 61. Re8+ Kd6 62. Rd8+ Kc6 63. Kc3 Rg7 64. Kd4 Ra7 65. Rc8+ Kd7 66. Rh8 Ra5 67. Rh6 1/2-1/2

[Event "Early-Titled-Tuesday-Blitz-February-13-2024"]
[Site "Chess.com"]
[Date "2024.02.13"]
[Round "6"]
[White "baki83"]
[Black "FREDERICKtheMATE"]
[Result "0-1"]
[WhiteElo "2837"]
[BlackElo "2668"]
[TimeControl "180+1"]
[EndTime "9:11:18 PST"]
[Termination "FREDERICKtheMATE won by checkmate"]

1. e4 c5 2. Nf3 Nc6 3. Bb5 g6 4.
O-O Bg7 5. Re1 e5 6. b4 Nxb4 7. c3 Nc6 8. Ba3 Qb6 9. Bxc6 dxc6 10. d4 cxd4 11. cxd4 exd4 12. Nbd2 Qa6 13. Bc5 b6 14. Bxd4 Bxd4 15. Nxd4 c5 16. N2f3 Ne7 17. Nc2 Be6 18.
Qd6 Rd8 19. Qc7 Rd7 20. Qb8+ Qc8 21. Qf4 O-O 22. Ne3 Kg7 23. e5 Ng8 24. Ng5 Rd4 25. Qg3 h6 26. Nf3 Rd3 27. h4 Rfd8 28. a4 Ne7 29. h5 Nf5 30. Nxf5+ Bxf5 31. hxg6 fxg6 32. e6 R3d5 33. Nh4 Re8 34. Re5 Rxe5 35. Qxe5+ Kg8 36. Nxf5 gxf5 37. Re1 Re7 38. Qxf5 Qf8 39. Qd5 Qf6 40. g3 Kg7 41. Re4 Kh7 42. Kg2 Qg6 43. Re3 Qf6 44. Qe4+ Kg7 45. Qd5 Qd4 46. Qc6 Qf6 47. Re4 Qf5 48.
f3 h5 49. Qd6 Qf6 50. g4 Kh7 51. Kg3 h4+ 52. Kg2 Qb2+ 53. Kh3 Qf6 54. Re3 Kg7 55. Qe5 Qxe5 56. Rxe5 Kf6 57. f4 Rxe6 58. g5+ Ke7 59.
Kxh4 Rxe5 60. fxe5 c4 61. g6 c3 62. Kh5 c2 63. g7 Kf7 64. Kh6 c1=Q+ 65. Kh7 Qh1# 0-1

[Event "Early-Titled-Tuesday-Blitz-February-13-2024"]
[Site "Chess.com"]
[Date "2024.02.13"]
[Round "6"]
[White "Karttunen"]
[Black "amylazy"]
[Result "1-0"]
[WhiteElo "2635"]
[BlackElo "2455"]
[TimeControl "180+1"]
[EndTime "9:11:18 PST"]
[Termination "Karttunen won on time"]

1. e4 c5 2. Nf3 e6 3. d4 cxd4 4. Nxd4 a6 5. Bd3 Bc5 6. Nb3 Be7 7. O-O d6 8. f4 Nf6 9. e5 Nfd7 10.
exd6 Bxd6 11. Nc3 O-O 12. Ne4 Be7 13. Be3 Nf6 14. Nxf6+ Bxf6 15. c3 Nc6 16. Be4 Bd7 17. Nc5 Bc8 18. Qf3 Qc7 19. Rad1 Ne7 20.
Na4 Nd5 21. Bxd5 exd5 22. Nb6 Rb8 23. Nxd5 Qc6 24. Nxf6+ Qxf6 25. f5 b5 26. Bd4 Qh6 27. Rde1 Bb7 28. Qg3 Bd5 29. a3 Rbe8 30. Bc5 Rxe1 31.
Rxe1 Rc8 32. Qc7 Qc6 33. Qxc6 Bxc6 34. Re7 h6 35. Bd4 Bd5 36. Rd7 Be4 37. g4 h5 38.
h3 hxg4 39. hxg4 Bf3 40. g5 Bg4 41. g6 Rf8 42. Rd5 Bh5 43. Bc5 Rc8 44. gxf7+ Bxf7 45. Re5 Bc4 46. Bd4 Rc7 47. Kf2 Kf7 48. Kg3 Rc8 49. Kf4 Rh8 50. Rc5 Re8 51. Rc7+ Re7 52. Rc6 a5 53.
Rg6 Kf8 54. Ra6 a4 55. Bc5 1-0

[Event "Early-Titled-Tuesday-Blitz-February-13-2024"]
[Site "Chess.com"]
[Date "2024.02.13"]
[Round "6"]
[White "PavelShkapenko"]
[Black "andrzej"]
[Result "0-1"]
[WhiteElo "2755"]
[BlackElo "2512"]
[TimeControl "180+1"]
[EndTime "9:11:19 PST"]
[Termination "andrzej won by resignation"]

1. e4 e5 2. Nf3 Nf6 3. Nc3 Bb4 4. Nxe5 O-O 5. Be2 Re8 6. Nd3 Bxc3 7. dxc3 Nxe4 8. O-O d6 9. Bf3 Nd7 10. Be3 b6 11.
Nf4 Bb7 12. Re1 Ndf6 13. c4 Qd7 14. Nd5 Nxd5 15. cxd5 Qf5 16. c4 Ng5 17. Bg4 Qg6 18. Kh1 a5 19. b3 h6 20. Qb1 Ne4 21. Bf3 f5 22. Qc2 Re7 23. Kg1 Rae8 24. Qe2 Qf6 25. Qd3 Bc8 26. Qd4 Qxd4 27. Bxd4 Nd2 28. Re3 f4 29. Rxe7 Nxf3+ 30. gxf3 Rxe7 31. h4 g6 32.
Bc3 Bf5 33. a3 Bd3 34. b4 a4 35. Rc1 Kf7 36. Bd4 Be2 37. c5 bxc5 38. bxc5 Bxf3 39.
cxd6 cxd6 40. Kf1 Bxd5 41. Rd1 Bc4+ 42. Kg1 f3 43. Rb1 d5 44. Rb8 Re1+ 45. Kh2 Bf1 46.
Rb7+ Ke6 47. Rb6+ Kf5 48. Kg3 g5 49. Rf6+ Ke4 50. Re6+ Kxd4 51. Rxe1 gxh4+ 52. Kxf3 Bc4 53. Kg4 Kc3 54. Kxh4 d4 55. f4 d3 56. f5 d2 57.
Rg1 Kc2 58. Rg2 Kc1 59. Rg1+ d1=Q 60. Rxd1+ Kxd1 61. Kh5 Kc2 62. Kxh6 Kb3 63. Kg7 Kxa3 64. Kf6 Kb2 65. Ke5 a3 66. Kd4 Bb3 0-1

[Event "Early-Titled-Tuesday-Blitz-February-13-2024"]
[Site "Chess.com"]
[Date "2024.02.13"]
[Round "6"]
[White "winniethepooh04"]
[Black "Maitreia"]
[Result "0-1"]
[WhiteElo "2535"]
[BlackElo "2762"]
[TimeControl "180+1"]
[EndTime "9:11:19 PST"]
[Termination "Maitreia won by resignation"]

1. d4 Nf6 2. Nf3 g6 3. Bf4 Bg7 4. e3 O-O 5. Be2 b6 6. O-O c5 7. c3 Bb7 8. Nbd2 d6 9. h3 Nbd7 10. a4 a6 11. Re1 Qc7 12. Bh2 Bc6 13. Bd3 b5 14. e4 cxd4 15. cxd4 bxa4 16. e5 Nd5 17.
exd6 exd6 18. Nc4 Rfe8 19. Rxe8+ Rxe8 20. Nxd6 Re6 21. Nxf7 Qb6 22. N7g5 Re8 23. Nxh7 Kxh7 24. Ng5+ Kg8 25. Bxg6 N7f6 26. Bxe8 Bxe8 27. Rxa4 Bxa4 28.
Qxa4 Qxb2 29. Be5 Qc1+ 30. Kh2 Qxg5 31. Qxa6 Nf4 32. g3 Ng6 33. Qc8+ Kh7 34. Qc2 Nh5 35. Bxg7 Nxg7 36. Qe4 Nf5 37. d5 Qf6 38. h4 Nd6 39. Qc2 Kg7 40. Kg2 Ne5 41. Qe2 Qf5 42. Qe3 Nef7 43.
Qe6 Qh7 44. Qe3 Qh5 45. Qe6 Nf5 46. Qe1 Qg4 47. Qc3+ Kg6 48. Qc6+ N7d6 49. Kh2 Qf3 50.
Kg1 Qd1+ 51. Kg2 Qd3 52. Qa8 Qe4+ 53. Kg1 Kf7 54. Qa7+ Ne7 55. Qa8 Nxd5 56. Qh8 Nf6 57. Qb8 Nf5 58. Qc7+ Kg6 59. Qc8 Nd4 60. Qh3 Nf3+ 61.
Kf1 Ng4 62. h5+ Kh6 63. Kg2 Ng5+ 64. f3 Qxf3+ 0-1

[Event "Early-Titled-Tuesday-Blitz-February-13-2024"]
[Site "Chess.com"]
[Date "2024.02.13"]
[Round "6"]
[White "KaterynaLagno"]
[Black "zverr1"]
[Result "1-0"]
[WhiteElo "2804"]
[BlackElo "2574"]
[TimeControl "180+1"]
[EndTime "9:11:20 PST"]
[Termination "KaterynaLagno won on time"]

1. e4 c5 2. Nf3 Nc6 3. Nc3 g6 4. Bb5 Bg7 5. d3 Nd4 6. Bc4 d6 7. Nxd4 cxd4 8. Ne2 e6 9. h4 h5 10. Bb3 Bd7 11. a4 Bc6 12. Bg5 Qd7 13. a5 d5 14.
f3 Ne7 15. Qd2 a6 16. O-O O-O-O 17. Qb4 f6 18. Bd2 e5 19. Qb6 Qc7 20. Bb4 Qxb6 21.
axb6 Rhe8 22. Ra5 Bf8 23. c3 dxc3 24. Nxc3 d4 25. Ne2 Bh6 26. Bf7 Rf8 27. Be6+ Bd7 28. Bxe7 Bxe6 29. Rc5+ Kb8 30. Rc7 Be3+ 31. Kh2 Rfe8 32.
Bxf6 Rd7 33. Bxe5 Rxc7 34. Bxc7+ Kc8 35. Be5 Rd8 36. Bf6 Rd6 37. Be5 Rd7 38. f4 Bb3 39. f5 Rf7 40. Nxd4 Bxd4 41. Bxd4 gxf5 42. exf5 Kd7 43.
f6 Ke6 44. Bc3 Bd5 45. Re1+ Kd6 46. Re5 Bc6 47. Rxh5 Ke6 48. Rg5 Rf8 49. g4 Rh8 50. Kg3 Rd8 51. Re5+ Kf7 52. Re7+ Kf8 53. Re3 Kf7 54. h5 Bd5 55. Kh4 Be6 56. g5 Rd6 57. g6+ Ke8 58. Kg5 Kd7 59. f7 Ke7 60. Bg7 Rd8 61. f8=Q+ Rxf8 62. Bxf8+ Kd7 63. Rxe6 1-0

[Event "Early-Titled-Tuesday-Blitz-February-13-2024"]
[Site "Chess.com"]
[Date "2024.02.13"]
[Round "6"]
[White "Zavgorodniy_Sergiy"]
[Black "GMKrikor"]
[Result "1-0"]
[WhiteElo "2647"]
[BlackElo "2873"]
[TimeControl "180+1"]
[EndTime "9:11:21 PST"]
[Termination "Zavgorodniy_Sergiy won on time"]

1. d4 Nf6 2. c4 g6 3. Nf3 Bg7 4. Nc3 d5 5. cxd5 Nxd5 6. e4 Nxc3 7. bxc3 c5 8. Be3 Qa5 9. Qd2 O-O 10. Rc1 Bg4 11.
d5 b5 12. Bxc5 Qc7 13. Bd4 Bxf3 14. gxf3 a6 15. Bxg7 Kxg7 16. Qd4+ Kg8 17. Be2 Nd7 18. O-O Rac8 19. Rfd1 Rfd8 20. a4 bxa4 21. Qxa4 Nc5 22. Qa3 Qf4 23. c4 Qg5+ 24. Kh1 e5 25. dxe6 Nxe6 26. Qxa6 Nd4 27. c5 Rxc5 28. Rxc5 Qxc5 29. Qd3 Ne6 30. Qe3 Rxd1+ 31. Bxd1 Qe5 32. Be2 Nf4 33. Bf1 g5 34. Kg1 h6 35. Qb6 Kg7 36. Qe3 Ne6 37. Bc4 Qa1+ 38. Bf1 Nf4 39. h4 Nh3+ 40. Kg2 Nf4+ 41.
Kg1 Qf6 42. hxg5 Qxg5+ 43. Kh2 Qh4+ 44. Kg1 Qg5+ 45. Kh2 Qe5 46. Kg1 h5 47. Qb6 f6 48.
Qa7+ Kh6 49. Qf7 Qg5+ 50. Kh2 Qh4+ 51. Kg1 Qg5+ 52. Kh2 Qg7 53. Qxg7+ Kxg7 54. Kg3 Ne6 55. f4 Kh6 56. Bh3 Nc5 57. f3 Nd3 58. Bf5 Nb4 59. e5 Nc6 60. exf6 Nd8 61. Kh4 Nf7 62. Be6 Nd8 63. Bd5 Kg6 64. f7 Kg7 65. Kxh5 Kf8 66. Kg5 Kg7 67. f5 Kf8 68. Kg6 1-0

[Event "Early-Titled-Tuesday-Blitz-February-13-2024"]
[Site "Chess.com"]
[Date "2024.02.13"]
[Round "6"]
[White "vi_pranav"]
[Black "DanielDardha2005"]
[Result "1-0"]
[WhiteElo "3054"]
[BlackElo "2909"]
[TimeControl "180+1"]
[EndTime "9:11:22 PST"]
[Termination "vi_pranav won by resignation"]

1. e4 c6 2. d4 d5 3. e5 Bf5 4.
Nf3 e6 5. Be2 c5 6. c3 Nc6 7. O-O Bg6 8. a3 cxd4 9. cxd4 Nge7 10. Nc3 Bh5 11. Nh4 Bxe2 12. Nxe2 Nc8 13. g3 Be7 14.
Nf3 a5 15. h4 a4 16. Kg2 b5 17. Nc3 Qa5 18. Qd3 Rb8 19. Bg5 h6 20. Bxe7 N8xe7 21.
Rfc1 O-O 22. Ne2 b4 23. Rc5 Qa7 24. Rac1 bxa3 25. bxa3 Rb3 26. R1c3 Rfb8 27. Nc1 Rxc3 28. Qxc3 Qb6 29. Ne2 Rc8 30. Nf4 Qb3 31. Qc1 Kh7 32. Rc3 Qb5 33. Rc5 Qb3 34. h5 Na7 35. Nd2 Qb6 36. Qc2+ Kg8 37. Qxa4 Nac6 38. Nf3 Rb8 39. Qc2 Ra8 40. Qc3 Na5 41. Nd2 Nf5 42. g4 Ne7 43. Qb4 Qa7 44. Nf3 Nc4 45. Rb5 Qxa3 46. Rb8+ Rxb8 47. Qxb8+ Kh7 48. g5 Qa6 49. Qe8 Qb7 50.
g6+ fxg6 51. hxg6+ Nxg6 52. Qxg6+ Kh8 53. Qe8+ Kh7 54.
Qg6+ Kh8 55. Qxe6 Nb6 56. Nh4 Kh7 57. Qf5+ Kg8 58. Nhg6 Nc8 59. Qxc8+ Qxc8 60. Ne7+ 1-0